AoeStats
← The Erion

Fortress

508668029Analyzed
4v4 RM · 10d ago on Sep 23, 2026· 41m 35s· 8 players
Game mode
Random Map
Map size
Huge
Population
200
Speed
Normal
Resources
Standard
Victory
Conquest
Starting age
Dark Age
Ending age
Imperial Age
RankedLock teamsTeams togetherTeam positionsShared explorationLock speedFull tech treeHidden civsTurbo modeCheats
Victory
Defeat
🇹🇼 Turks · Taiwan
1121
+15
🇹🇼 Spanish · Taiwan
1119
+16
🇨🇳 Teutons · China
1088
+17
🇦🇹 Saracens · Austria
1057
+18
🇹🇼 Varangians · Taiwan
1274
-24
🇹🇼 Khmer · Taiwan
1102
-16
🇹🇼 Spanish · Taiwan
1049
-14
🇹🇼 Vietnamese · Taiwan
1005
-12
523988158
2:07 Loom
7:25 Feudal Age
14:09 Castle Age
12:00 Double-Bit Axe
11:59 Horse Collar
13:52 Wheelbarrow
16:04 Bow Saw
15:58 Heavy Plow
25:33 Imperial Age
24:42 Hand Cart
24:23 Gold Mining
24:25 Stone Mining
26:12 Bloodlines
26:40 Cavalier
27:46 Conscription
29:40 Hoardings
31:25 Two-Man Saw
31:08 Stone Shaft Mining
31:17 Ironclad
33:05 Scale Barding Armor
32:51 Fletching
33:11 Forging
33:02 Scale Mail Armor
34:45 Crop Rotation
34:29 Pikeman
34:54 Gambesons
35:10 Squires
34:55 Arson
36:18 Coinage
35:48 Caravan
35:26 Halberdier
38:04 Chain Barding Armor
38:19 Iron Casting
38:38 Banking
39:17 Paladin
wohja182
0:33 Loom
7:53 Feudal Age
8:34 Double-Bit Axe
11:54 Castle Age
10:07 Horse Collar
13:49 Bow Saw
13:48 Gold Mining
17:43 Heavy Plow
19:52 Wheelbarrow
19:05 Town Watch
20:44 Scale Barding Armor
21:33 Hand Cart
23:48 Bloodlines
28:01 Imperial Age
27:01 Chain Barding Armor
26:51 Forging
28:42 Elite Mameluke
31:03 Plate Barding Armor
31:04 Heavy Plow
31:42 Gold Shaft Mining
31:44 Iron Casting
32:12 Two-Man Saw
34:48 Blast Furnace
34:22 Onager
36:47 Chemistry
41:32 Ballistics
younguns
8:35 Feudal Age
13:25 Castle Age
11:33 Double-Bit Axe
11:42 Horse Collar
17:10 Forging
16:53 Loom
19:57 Bow Saw
21:11 Fletching
21:33 Heavy Plow
22:21 Bodkin Arrow
23:02 Iron Casting
28:07 Imperial Age
26:09 Scale Barding Armor
27:08 Wheelbarrow
26:44 Town Watch
27:01 Husbandry
28:05 Chain Barding Armor
28:16 Hand Cart
28:49 Bloodlines
29:43 Plate Barding Armor
30:18 Blast Furnace
28:42 Cavalier
30:38 Two-Man Saw
30:38 Town Patrol
32:12 Chemistry
31:33 Ballistics
31:32 Paladin
32:49 Bracer
35:52 Caravan
36:28 Gold Mining
40:35 Stone Mining
42:29 Stone Shaft Mining
NaCl
9:05 Feudal Age
10:12 Double-Bit Axe
13:14 Castle Age
17:20 Imperial Age
15:09 Horse Collar
16:05 Padded Archer Armor
17:42 Wheelbarrow
24:13 Leather Archer Armor
34:38 Ring Archer Armor
42:20 Conscription
42:03 Artillery
42:00 Gold Mining
ZedongMao
0:30 Loom
7:49 Feudal Age
12:06 Castle Age
10:45 Double-Bit Axe
10:43 Horse Collar
12:13 Crossbowman
13:20 Bow Saw
14:03 Wheelbarrow
18:44 Fletching
18:45 Loom
20:43 Ballistics
21:41 Masonry
21:46 Padded Archer Armor
21:46 Bodkin Arrow
33:00 Town Watch
massuyeh840417
8:27 Feudal Age
9:19 Double-Bit Axe
10:23 Wheelbarrow
10:37 Horse Collar
14:47 Castle Age
13:07 Loom
16:32 Horse Collar
19:47 Bow Saw
22:21 Fortified Wall
26:28 Imperial Age
25:25 Hand Cart
26:02 Gold Mining
26:04 Stone Mining
27:11 Scale Barding Armor
27:36 Conscription
27:43 Ballistics
28:33 Cavalier
29:40 Bloodlines
31:04 Two-Man Saw
30:41 Chain Barding Armor
31:01 Paladin
33:55 Plate Barding Armor
35:08 Forging
36:30 Light Cavalry
37:48 Iron Casting
37:35 Hussar
41:11 Pikeman
42:07 Masonry
The Erion
8:13 Feudal Age
11:18 Castle Age
9:36 Double-Bit Axe
9:38 Horse Collar
13:37 Bow Saw
14:17 Heavy Plow
18:19 Wheelbarrow
17:31 Loom
18:44 Gold Mining
19:45 Stone Mining
20:30 Gold Shaft Mining
26:40 Imperial Age
24:30 Hand Cart
24:00 Town Watch
26:46 Pikeman
27:44 Padded Archer Armor
27:35 Fletching
28:15 Conscription
27:58 Double Crossbow
28:39 Husbandry
28:50 Bloodlines
28:49 Scale Barding Armor
28:56 Forging
29:42 Caravan
30:16 Coinage
29:16 Elite Ballista Elephant
30:08 Light Cavalry
32:25 Chemistry
31:41 Fortified Wall
32:27 Hussar
35:44 Chain Barding Armor
35:41 Leather Archer Armor
36:07 Iron Casting
35:27 Bodkin Arrow
37:52 Plate Barding Armor
38:20 Blast Furnace
GYLi
8:21 Feudal Age
12:00 Castle Age
9:53 Double-Bit Axe
10:09 Horse Collar
13:12 Bow Saw
13:04 Heavy Plow
18:12 Wheelbarrow
21:20 Gold Mining
21:20 Stone Mining
24:43 Imperial Age
22:35 Stone Mining
23:16 Scale Barding Armor
23:21 Forging
24:25 Chain Barding Armor
25:02 Bloodlines
24:52 Husbandry
26:10 Iron Casting
26:08 Elite Jarl
28:12 Plate Barding Armor
28:37 Blast Furnace
29:51 Conscription
33:06 Blast Furnace
31:29 Gothikon
35:48 Masonry
35:59 Ballistics
35:40 Fletching
Connection lost

Rejoining the realm…

Still unreachable

The connection could not be restored.

Session expired

The server has moved on; the page needs a fresh start.